 Dungeon Crawl Stone Soup version 0.26-b1-45-g23770d1d51 (webtiles) character file.

Game seed: 15104458008242543138

10503 raceaflais the Cleaver (level 11, -4/99 HPs)
             Began as a Minotaur Berserker on Jan 6, 2021.
             Was a High Priest of Trog.
             Killed from afar by an electric eel (7 damage)
             ... with a bolt of electricity
             ... on level 11 of the Dungeon.
             The game lasted 00:33:32 (14724 turns).

raceaflais the Cleaver (Minotaur Berserker)        Turns: 14724, Time: 00:33:33

Health: -4/99      AC: 14    Str: 26    XL:     11   Next: 37%
Magic:  10/10      EV: 26    Int:  4    God:    Trog [*****.]
Gold:   688        SH:  4    Dex:  9    Spells: 10/10 levels left

rFire    + . .     SeeInvis .   s - +0 war axe
rCold    . . .     Faith    .   t - +0 buckler
rNeg     . . .     Spirit   .   g - +1 chain mail
rPois    .         Reflect  .   h - +2 hat
rElec    .         Harm     .   (no cloak)
rCorr    .         Rampage  .   (no gloves)
Will     .....                  (no boots)
Stlth    ..........             l - amulet of the acrobat
HPRegen  0.26/turn              r - ring of protection from cold
MPRegen  0.12/turn              q - ring of fire

@: acrobat
A: retaliatory headbutt, horns 2
a: Renounce Religion, Berserk, Trog's Hand, Brothers in Arms


You were on level 11 of the Dungeon.
You worshipped Trog.
Trog was extremely pleased with you.
You visited 1 branch of the dungeon, and saw 11 of its levels.
You also visited: Ossuary.

You collected 763 gold pieces.
You spent 75 gold pieces at shops.

Inventory:

Hand Weapons
 a - a +1 hand axe
 e - a +4 great sword
 i - a +4 trident of freezing
 k - a +0 mace of draining
 s - a +0 war axe (weapon)
 C - a +2 hunting sling of freezing
 D - a +1 glaive of draining
 M - a cursed -1 dagger
Missiles
 c - 72 bolts
 d - 314 stones
 p - 15 poisoned darts
 x - 57 sling bullets
 A - 128 arrows
 I - 8 javelins
 K - 6 curare-tipped darts (quivered)
 W - 2 boomerangs
Armour
 b - a +0 animal skin
 g - a +1 chain mail (worn)
 h - a +2 hat (worn)
 t - a +0 buckler (worn)
 J - a scarf of shadows
 T - a +0 kite shield of positive energy
Magical Staves
 y - an uncursed staff of earth
Jewellery
 l - an amulet of the acrobat (around neck)
 o - a cursed ring of teleportation {unknown}
 q - a ring of fire (right hand)
 r - a ring of protection from cold (left hand)
 G - an uncursed ring of poison resistance
 N - an uncursed ring of positive energy
 O - an uncursed amulet of magic regeneration {unknown}
 P - an uncursed ring of willpower {unknown}
 R - an uncursed ring of see invisible
Wands
 f - a wand of flame (23)
 v - a wand of iceblast (6)
 H - a wand of disintegration (12)
 L - a wand of paralysis (4)
 Q - a wand of polymorph (7)
 U - a wand of acid (8)
Scrolls
 m - 11 scrolls of remove curse
 n - 3 scrolls of teleportation
 u - a scroll of enchant armour
 z - a scroll of fear
 E - a scroll of immolation
 F - a scroll of blinking
 V - a scroll of magic mapping
Potions
 w - 4 potions of brilliance
 B - a potion of haste
 S - a potion of mutation {unknown}
Miscellaneous
 j - a phantom mirror


   Skills:
 + Level 10.0 Fighting
 + Level 14.1 Axes
 + Level 10.8 Armour
 + Level 5.5 Dodging
 + Level 2.3 Stealth
 - Level 4.0 Shields


You had 10 spell levels left.
You didn't know any spells.
Your spell library contained the following spells:

 Spells                   Type           Power        Failure   Level
 Freeze                   Ice            0%           95%         1
 Frozen Ramparts          Ice            0%           100%        3
 Ozocubu's Armour         Ice            0%           100%        3
 Hailstorm                Conj/Ice       0%           100%        4
 Summon Ice Beast         Ice/Summ       0%           100%        4


Dungeon Overview and Level Annotations

Branches:
Dungeon (11/15)            Temple (0/1) D:5         Ossuary (visited)
   Lair: D:8-11         Orc: D:9-12

Altars:
Fedhas
Hepliaklqana
Qazlal
Sif Muna
Wu Jian

Shops:
D:6 *   D:8 :


Innate Abilities, Weirdness & Mutations

You reflexively headbutt those who attack you in melee.
You have a pair of horns on your head.


Message History

An ice beast comes into view. x2; An electric eel comes into view.
The kobold throws a poisoned dart.
The poisoned dart closely misses you.
The poisoned dart hits the kobold!
The kobold is poisoned.
You hear a splash.
You block the kobold's attack. x2; The big kobold throws a stone.
The stone completely misses you.
The stone hits the ice beast but does no damage.
You hear a splash.
An electric eel comes into view.
The electric eel shoots out a bolt of lightning at you!
The bolt of electricity hits you!
* * * LOW HITPOINT WARNING * * *
The white imp gestures at you. The puff of frost hits you!
* * * LOW HITPOINT WARNING * * *
The electric eel shoots out a bolt of lightning at you!
The bolt of electricity misses you.
The electric eel shoots out a bolt of lightning at you!
The bolt of electricity hits you!
You die...

#...≈≈≈..#.#
#.....≈≈...# #
#..≈≈.≈≈...#.#
#:.≈≈........
#.≈≈...≈...#
#.≈.K∩.≈≈..#
.#.≈≈5.KK≈..#..
...≈≈K.@Y(Z....
...≈K.∩..≈.....
...≈≈.K.≈≈..###
...≈≈...;≈..#
...K≈≈.≈≈≈..#
.......≈≈Y..#
.....≈≈≈≈≈..#
..#..≈≈≈;..$#


You could see 2 ice beasts, a big kobold, 2 electric eels, a white imp, a worker
ant simulacrum and 6 kobolds.

Vanquished Creatures
  Erolcha (D:10)
  2 two-headed ogres
  An unseen horror (D:8)
  A cyclops (D:8)
  Maggie (D:6)
  A troll (D:9)
  A hornet (D:10)
  Sigmund (D:4)
  A wyvern (D:8)
  4 humans (D:8)
  3 yaks (D:9)
  A steam dragon (D:8)
  Duvessa (D:7)
  4 ice beasts
  2 phantoms
  3 sky beasts
  An orc warrior (D:10)
  3 necrophages (D:9)
  7 ogres
  2 centaurs
  An elf zombie (Ossuary)
  A big kobold (D:11)
  3 bullfrogs
  A water moccasin zombie (D:9)
  A wyvern zombie (D:9)
  Dowan (D:7)
  5 scorpions
  3 killer bees (D:10)
  14 wights
  3 electric eels (D:11)
  A howler monkey (D:4)
  6 centaur zombies
  A bullfrog zombie (D:7)
  3 jellies
  A centaur skeleton (D:11)
  A human zombie (Ossuary)
  3 orc priests
  7 hounds
  Jessica (D:3)
  A bullfrog skeleton (D:5)
  Terence (D:3)
  2 iguanas
  9 orc wizards
  6 worker ants
  2 big kobold zombies (Ossuary)
  2 hound zombies
  A hound skeleton (D:10)
  4 mummies
  3 worker ant zombies
  13 adders
  A white imp (D:6)
  2 ufetubi
  2 oozes
  5 adder zombies (Ossuary)
  An adder skeleton (D:6)
  3 worms
  A dart slug (D:3)
  5 leopard geckos
  44 orcs
  4 giant cockroaches
  3 goblins
  5 hobgoblins
  7 kobolds
  3 quokkas
  3 ball pythons
  8 bats
  3 frilled lizards
  A gnoll zombie (Ossuary)
  2 goblin zombies
  4 hobgoblin zombies (Ossuary)
  7 jackal zombies
  A kobold zombie (Ossuary)
  2 orc zombies
  5 quokka zombies (Ossuary)
  6 rats
  A rat zombie (Ossuary)
271 creatures vanquished.

Vanquished Creatures (others)
  An adder (D:8)
  4 withered plants (D:9)
5 creatures vanquished.

Grand Total: 276 creatures vanquished

Notes
Turn   | Place    | Note
-------+----------+-------------------------------------------
     0 | D:1      | raceaflais the Minotaur Berserker began the quest for the
                  | Orb.
     0 | D:1      | Reached XP level 1. HP: 19/19 MP: 0/0
   308 | D:1      | Reached XP level 2. HP: 20/27 MP: 1/1
   389 | D:1      | Reached skill level 4 in Axes
  1336 | D:2      | Reached XP level 3. HP: 33/33 MP: 2/2
  1775 | D:3      | Reached ** piety under Trog
  1863 | D:3      | You fall into a shaft and drop 2 floors!
  1863 | D:5      | Entered Level 5 of the Dungeon
  1864 | D:5      | Noticed an ice beast
  1871 | D:5      | Noticed a scorpion
  1878 | D:5      | Killed a scorpion
  1879 | D:5      | Reached skill level 5 in Axes
  1879 | D:5      | Reached XP level 4. HP: 25/41 MP: 3/3
  2327 | D:5      | Reached XP level 5. HP: 47/47 MP: 4/4
  2356 | D:5      | Killed an ice beast
  2357 | D:5      | Reached skill level 6 in Axes
  2926 | D:5      | Reached XP level 6. HP: 54/55 MP: 5/5
  2951 | D:5      | Found a staircase to the Ecumenical Temple.
  3230 | D:5      | Reached skill level 5 in Fighting
  3475 | D:5      | Reached skill level 7 in Axes
  3667 | D:4      | Found a sand-covered staircase.
  3673 | D:4      | Reached skill level 5 in Armour
  3673 | D:4      | Reached XP level 7. HP: 57/61 MP: 6/6
  3695 | Ossuary  | Entered an ossuary
  3873 | Ossuary  | Reached *** piety under Trog
  4075 | Ossuary  | Reached skill level 8 in Axes
  4146 | D:4      | Found a shimmering blue altar of Sif Muna.
  4227 | D:4      | Noticed Sigmund
  4232 | D:4      | Killed Sigmund
  4233 | D:4      | Reached XP level 8. HP: 70/70 MP: 7/7
  4531 | D:4      | Reached skill level 9 in Axes
  4645 | D:3      | Found an ornate altar of the Wu Jian Council.
  4645 | D:3      | Found a blossoming altar of Fedhas.
  4861 | D:3      | Noticed Terence
  4865 | D:3      | Noticed Jessica
  4975 | D:3      | Killed Jessica
  4998 | D:3      | Killed Terence
  4999 | D:3      | Reached skill level 1 in Shields
  5131 | D:3      | Reached **** piety under Trog
  6030 | D:6      | Found a hazy altar of Hepliaklqana.
  6046 | D:6      | Noticed Maggie
  6066 | D:6      | Killed Maggie
  6067 | D:6      | Reached skill level 10 in Axes
  6067 | D:6      | Reached skill level 1 in Stealth
  6418 | D:6      | Reached XP level 9. HP: 65/78 MP: 8/8
  7170 | D:6      | Found Omyannas's Assorted Antiques.
  7174 | D:6      | Bought a potion of curing for 75 gold pieces
  7542 | D:7      | Noticed Duvessa
  7546 | D:7      | Noticed Dowan
  7560 | D:7      | Killed Duvessa
  7565 | D:7      | Killed Dowan
  7943 | D:7      | Reached skill level 11 in Axes
  9113 | D:8      | Reached skill level 12 in Axes
  9209 | D:8      | Noticed a two-headed ogre
  9220 | D:8      | HP: 4/81 [two-headed ogre/+0 giant club (5)]
  9221 | D:8      | Killed a two-headed ogre
  9222 | D:8      | Reached XP level 10. HP: 4/88 MP: 9/9
  9895 | D:8      | Found a stormy altar of Qazlal.
  9925 | D:8      | Noticed a cyclops
  9943 | D:8      | Killed a cyclops
 10288 | D:8      | Found Cugg's Book Shoppe.
 10538 | D:8      | Killed an unseen horror
 10883 | D:9      | Reached skill level 10 in Armour
 11492 | D:9      | Reached skill level 5 in Dodging
 11498 | D:9      | Reached skill level 13 in Axes
 11632 | D:9      | Noticed a two-headed ogre
 11647 | D:9      | Killed a two-headed ogre
 11715 | D:9      | Reached ***** piety under Trog
 11884 | D:9      | Reached XP level 11. HP: 83/97 MP: 10/10
 12461 | D:10     | Entered Level 10 of the Dungeon
 13025 | D:10     | Noticed Erolcha
 13039 | D:10     | Killed Erolcha
 13414 | D:10     | Reached skill level 14 in Axes
 14680 | D:11     | Reached skill level 10 in Fighting
 14724 | D:11     | HP: 3/99 [white imp/puff of frost (8)]
 14724 | D:11     | Killed from afar by an electric eel

Illustrated notes

Levels and vault maps discovered:
D:1:      shiori_shiawase, layout_loops_corners
D:2:      layout_basic
D:3:      layout_rooms, chequers_temple_overflow_statue_of_worship,
          wander_ebering_terrifying_dragon_lair, uniq_jessica, uniq_terence
D:4:      cheibrodos_quashed, layout_basic, led_sif_pool,
          nicolae_ossuary_entry_giza, uniq_sigmund
D:5:      layout_rooms, minmay_temple_entry_stoned_glass, kennysheep_potato
D:6:      layout_rooms, old_standard_altar, portal_sewer_entry_d, serial_shops,
          nicolae_shop_stone, minmay_stone_trees_small, uniq_maggie
D:7:      layout_basic, uniq_duvessa
D:8:      minmay_diamond_stairs, layout_gridville, grunt_qazlal_clouds,
          serial_shops, shop, minmay_ruffians
D:9:      layout_loops_corners, serial_undead, serial_undead_f, serial_undead_d,
          serial_undead_a, serial_undead_c, serial_undead_a, serial_undead_a,
          serial_undead_e
D:10:     layout_cave_pools, uniq_erolcha
D:11:     kennysheep_seaside_town, layout_basic, dpeg_lair_monsters,
          david_orc_4, serial_ice, serial_ice_f, serial_ice_e, serial_ice_i,
          serial_ice_o, nicolae_trove_entry_isolated

Skill      XL: |  1  2  3  4  5  6  7  8  9 10 11 |
---------------+----------------------------------+-----
Fighting       | 4 5 6 8 9 10 | 10.0
Axes           | 4 5 6 7 8 10 12 13 14 | 14.1
Armour         | 3 4 5 7 9 10 | 10.8
Dodging        | 3 4 5 |  5.5
Shields        | 1 3 4 |  4.0
Stealth        | 1 2 |  2.3

Action                   |  1- 3 |  4- 6 |  7- 9 | 10-12 || total
-------------------------+-------+-------+-------+-------++-------
Melee: Hand axe          |    65 |       |       |       ||    65
       Headbutt          |    10 |     7 |    65 |    60 ||   142
       War axe           |    18 |    75 |   352 |   319 ||   764
Invok: Berserk           |       |     1 |     2 |     1 ||     4
Evoke: Wand              |       |       |       |     2 ||     2
  Use: Scroll            |    11 |       |     6 |     6 ||    23
       Potion            |     4 |     1 |    15 |    13 ||    33
 Stab: Invisible         |       |       |     1 |       ||     1
Armor: Chain mail        |    57 |    36 |   161 |   111 ||   365
       Animal skin       |     4 |       |       |       ||     4
       Skin              |       |    11 |    30 |    23 ||    64
Dodge: Dodged            |    43 |    27 |   135 |   149 ||   354
Block: Buckler           |       |    10 |    45 |    49 ||   104
